Map: [ESL] Hard Lead

Players

Ukko

  • Race: Zerg Zerg
  • Spawn Location: 11:00

Mixu - Winner!

  • Race: Zerg Zerg
  • Spawn Location: 5:00

Event: ESL SC2 Masters 2023 Winter (Finals)

VOD

Have the link to the VOD?

Description

Time

  • Played on: Dec. 15, 2023, 10:52 a.m.
  • Length: 11:28

All games in this series

Show
View Real Time Build Order
Export as new Build Order

Ukko Zerg 

Build Orders: Hatch First, Roach Hydra 

Get SALT Encoding   

  12  0:00  Drone  
  13  0:12  Overlord  
  13  0:17  Drone  
  14  0:30  Drone x2  
  16  0:48  Hatchery  
  15  0:53  Drone  
  15  0:55  Drone  
  17  0:59  Drone  
  18  1:07  Drone, Extractor  
  18  1:17  Spawning Pool  
  17  1:21  Drone  
  18  1:28  Drone  
  19  1:38  Drone  
  20  1:50  Overlord  
  20  2:04  Queen x2  
  20  2:05  Zergling x2  
  20  2:06  Drone  
  26  2:09  Metabolic Boost  
  26  2:11  Drone  
  26  2:12  Drone  
  28  2:21  Drone  
  28  2:22  Drone  
  30  2:35  Hatchery  
  29  2:40  Drone x2  
  29  2:43  Drone  
  32  2:50  Baneling Nest  
  31  2:52  Overlord  
  31  2:59  Overlord  
  31  3:08  Zergling x6  
  31  3:11  Zergling x2  
  35  3:18  Zergling x10  
  40  3:24  Zergling x4  
  42  3:28  Queen  
  43  3:37  Zergling x2  
  44  3:43  Baneling x2  
  44  3:45  Drone x3  
  47  3:51  Drone x5  
  52  3:57  Drone x3  
  52  3:58  Drone  
  51  4:10  Zergling x6  
  51  4:16  Baneling  
  51  4:17  Baneling  
  53  4:19  Drone  
  53  4:20  Drone  
  53  4:21  Drone  
  56  4:25  Roach Warren  
  56  4:27  Evolution Chamber  
  56  4:28  Zergling x8, Extractor  
  56  4:29  Extractor  
  56  4:30  Baneling x2  
  56  4:36  Zergling x4  
  58  4:44  Overlord x3  
  57  5:04  Drone x9  
  57  5:05  Zerg Missile Weapons Level 1  
  63  5:15  Drone x5  
  63  5:18  Lair  
  68  5:24  Drone x4  
  68  5:27  Overlord  
  71  5:35  Overlord x2  
  71  5:42  Drone x7  
  77  5:43  Drone  
  77  5:45  Drone x3  
  77  5:47  Drone  
  82  5:58  Drone x3  
  82  6:00  Extractor  
  82  6:01  Extractor  
  84  6:04  Drone  
  84  6:06  Pneumatized Carapace  
  84  6:10  Hatchery  
  83  6:13  Drone x2  
  83  6:15  Drone x8  
  83  6:17  Overlord  
  93  6:20  Overlord  
  93  6:25  Glial Reconstitution  
  93  6:26  Extractor  
  93  6:27  Roach  
  93  6:28  Evolution Chamber  
  93  6:30  Overseer  
  93  6:36  Roach x5  
  102  6:45  Roach x5  
  112  6:52  Roach x4  
  112  6:53  Overlord  
  120  6:59  Zerg Missile Weapons Level 2, Zerg Ground Armor Level 1  
  120  7:05  Hydralisk Den  
  120  7:07  Roach  
  121  7:09  Overlord x3  
  121  7:12  Overseer  
  121  7:15  Overseer  
  121  7:20  Roach x4  
  121  7:21  Overlord  
  121  7:22  Overlord  
  129  7:24  Extractor  
  129  7:25  Roach x2  
  129  7:28  Roach x2  
  129  7:29  Roach  
  138  7:33  Grooved Spines  
  138  7:35  Spore Crawler  
  138  7:36  Spore Crawler  
  136  7:39  Drone x2  
  136  7:40  Drone  
  139  7:45  Roach x5  
  149  7:51  Hydralisk  
  149  7:52  Hydralisk x3  
  149  7:55  Hydralisk  
  157  8:06  Roach x7  
  171  8:18  Roach x2  
  175  8:20  Spore Crawler  
  175  8:21  Spore Crawler, Overlord x5  
  175  8:26  Infestation Pit  
  172  8:32  Muscular Augments  
  172  8:40  Hydralisk x5  
  182  8:46  Roach x4  
  179  8:59  Roach x8  
  186  9:07  Roach x4  
  186  9:08  Roach  
  172  9:10  Roach  
  172  9:12  Roach  
  172  9:16  Roach x2  
  156  9:22  Roach x3  
  146  9:24  Roach  
  146  9:28  Roach  
  133  9:33  Roach x2  
  131  9:39  Roach x2  
  132  10:02  Hive, Hatchery  
  132  10:03  Ravager x6  
  132  10:04  Tunneling Claws  
  132  10:06  Burrow  
  137  10:10  Roach x2  
  141  10:16  Baneling x6  
  141  10:19  Roach x2  
  145  10:24  Roach x3  
  145  10:27  Roach  
  145  10:28  Hydralisk  
  146  10:42  Roach x7  
  154  10:54  Ravager x2, Hatchery  
  155  10:59  Roach x4  
  154  11:04  Roach x2  
  154  11:06  Roach  
  154  11:08  Roach x2  
Show
View Real Time Build Order
Export as new Build Order

Mixu Zerg - Winner!

Build Orders: Hatch First 

Get SALT Encoding   

  12  0:00  Drone  
  13  0:12  Overlord  
  13  0:17  Drone  
  14  0:31  Drone x2  
  16  0:48  Hatchery  
  15  0:51  Drone  
  15  0:54  Drone  
  17  0:57  Drone  
  18  1:08  Extractor  
  17  1:12  Spawning Pool  
  17  1:15  Drone  
  17  1:19  Drone  
  18  1:28  Drone  
  19  1:39  Drone  
  20  1:50  Drone  
  21  1:59  Queen x2  
  21  2:01  Drone, Overlord  
  26  2:09  Metabolic Boost  
  26  2:11  Zergling x2, Drone  
  28  2:23  Drone x2  
  30  2:32  Drone  
  31  2:37  Hatchery  
  31  2:40  Zergling x2  
  31  2:45  Drone  
  31  2:46  Overlord  
  32  2:53  Drone  
  32  2:55  Drone  
  32  2:57  Baneling Nest  
  33  3:08  Drone x6  
  40  3:12  Drone x2  
  40  3:19  Zergling x4  
  42  3:28  Overlord  
  42  3:29  Drone  
  43  3:37  Roach Warren, Queen  
  43  3:41  Baneling x4  
  44  3:42  Baneling  
  44  3:48  Zergling x4, Evolution Chamber  
  44  3:51  Zergling x6  
  47  4:00  Zergling x4  
  47  4:02  Extractor  
  49  4:04  Zergling x4  
  49  4:08  Zergling x4  
  49  4:09  Baneling  
  51  4:10  Baneling  
  51  4:12  Zergling x4  
  51  4:16  Overlord  
  53  4:18  Drone  
  53  4:20  Drone x2  
  54  4:25  Drone x2  
  56  4:33  Drone, Overlord  
  56  4:35  Drone x4  
  56  4:36  Extractor  
  60  4:38  Zerg Missile Weapons Level 1  
  60  4:41  Drone  
  60  4:44  Drone  
  62  4:52  Drone x5  
  67  4:53  Drone x2  
  69  5:00  Lair  
  69  5:03  Drone x3  
  69  5:05  Drone x2  
  70  5:10  Drone x2  
  72  5:17  Drone x2, Extractor  
  73  5:22  Overlord x3  
  73  5:24  Drone  
  73  5:34  Extractor  
  72  5:36  Drone  
  72  5:40  Drone  
  72  5:41  Drone, Overlord  
  72  5:42  Drone x2  
  77  5:46  Drone x2  
  79  5:51  Roach x4  
  79  5:55  Roach x3, Evolution Chamber, Spine Crawler  
  79  5:56  Spine Crawler  
  89  5:58  Roach x2  
  92  6:06  Roach x4  
  100  6:16  Drone  
  100  6:17  Drone x2, Extractor, Spire  
  103  6:22  Overlord x4  
  103  6:23  Roach  
  105  6:29  Zerg Ground Armor Level 1  
  104  6:35  Drone  
  104  6:37  Drone  
  104  6:38  Drone  
  104  6:39  Zerg Missile Weapons Level 2  
  105  6:40  Overseer  
  105  6:42  Roach x6  
  117  6:48  Glial Reconstitution, Overlord x2  
  117  6:55  Hatchery  
  117  6:58  Roach x2  
  117  7:00  Roach x2  
  124  7:05  Roach x3  
  130  7:09  Roach x2  
  134  7:19  Roach x7  
  134  7:21  Overlord  
  148  7:24  Overlord  
  146  7:31  Mutalisk x3  
  152  7:37  Overlord x2  
  152  7:42  Mutalisk  
  154  7:44  Roach  
  154  7:45  Roach x4  
  164  7:52  Overlord  
  164  7:53  Roach  
  164  7:56  Roach  
  176  7:58  Roach x4  
  176  8:05  Overlord  
  175  8:06  Roach x5  
  175  8:10  Roach x2  
  189  8:14  Roach x2  
  193  8:20  Ravager x2  
  193  8:21  Roach x2  
  199  8:48  Roach  
  195  8:57  Roach x2  
  197  9:03  Zerg Ground Armor Level 2  
  197  9:06  Roach x5  
  177  9:11  Roach x11  
  177  9:15  Roach x7  
  191  9:20  Roach x2  
  175  9:29  Roach x3  
  167  9:35  Roach x5  
  167  9:36  Roach x3  
  171  9:43  Roach  
  163  9:50  Roach x3, Ravager x2  
  165  9:53  Roach  
  165  9:56  Extractor  
  165  9:57  Drone x2  
  168  10:01  Roach  
  168  10:05  Roach x7, Hatchery  
  183  10:09  Roach  
  183  10:10  Roach  
  189  10:14  Roach x2  
  189  10:18  Roach x2  
  195  10:25  Roach x2  
  195  10:28  Roach  
  189  10:33  Roach  
  191  10:40  Hydralisk Den  
  190  10:48  Drone  
  190  10:49  Drone  
  188  10:51  Roach x6  
  188  10:56  Spine Crawler  
  199  10:57  Spine Crawler  
  199  11:00  Roach  
  199  11:01  Spine Crawler  
  191  11:06  Roach x7  
  191  11:09  Roach x5  
Tags
 
Add a new tag
Caveats
  • Supply blocks, unpowered buildings, or Contaminate may cause inaccurate times.
  • Supply counts are checked every 10 seconds.